 Dungeon Crawl Stone Soup version 0.21.1-1-g345015f (webtiles) character file.

210 Hylith the Skirmisher (level 5, -1/47 HPs)
             Began as a Hill Orc Fighter on Apr 13, 2018.
             Slain by a gnoll
             ... wielding a +0 spear
              (8 damage)
             ... on level 3 of the Dungeon.
             The game lasted 00:04:56 (2394 turns).

Hylith the Skirmisher (Hill Orc Fighter)            Turns: 2394, Time: 00:04:57

Health: -1/47      AC:  7    Str: 20    XL:     5   Next: 88%
Magic:  5/5        EV:  7    Int:  8    God:
Gold:   127        SH:  9    Dex: 10    Spells: 4/4 levels left

rFire    . . .     SeeInvis .   t - +0 morningstar
rCold    . . .     Gourm    .   c - +0 shield
rNeg     . . .     Faith    .   j - +0 scale mail
rPois    .         Spirit   .   (no helmet)
rElec    .         Reflect  .   (no cloak)
rCorr    .         Harm     .   (no gloves)
MR       .....                  (no boots)
Stlth    ..........             (no amulet)
HPRegen  0.15/turn              (no ring)
MPRegen  0.09/turn              (no ring)

@: no status effects
A: no striking features
a: no special abilities


You were on level 3 of the Dungeon.
You were not hungry.

You visited 1 branch of the dungeon, and saw 3 of its levels.

You collected 127 gold pieces.

Inventory:

Hand Weapons
 a - a +0 long sword
 t - a +0 morningstar (weapon)
Armour
 c - a +0 shield (worn)
 j - a +0 scale mail (worn)
Scrolls
 e - 5 scrolls of teleportation
 g - a scroll of enchant weapon {unknown}
 h - 2 scrolls of identify {unknown}
 i - 2 scrolls of remove curse {unknown}
 m - a scroll of noise {unknown}
 r - 2 scrolls of blinking {unknown}
Potions
 b - a potion of resistance {unknown}
 d - a potion of might
 k - 2 potions of curing {unknown}
 l - a potion of invisibility {unknown}
 n - a potion of heal wounds
 p - 2 potions of flight {unknown}
 q - 2 potions of mutation {unknown}
 s - 2 potions of degeneration {unknown}
Books
 o - a book of Conjurations

   Spells                             Type                      Level
   a - Magic Dart                     Conjuration                  1
   b - Searing Ray                    Conjuration                  2
   c - Dazzling Spray                 Conjuration/Hexes            3
   d - Fulminant Prism                Conjuration/Hexes            4
   e - Force Lance                    Conjuration/Translocation    4
   f - Iskenderun's Mystic Blast      Conjuration                  4
Comestibles
 f - 4 rations


   Skills:
 * Level 4.4 Fighting
 * Level 3.6 Long Blades
 * Level 1.5 Maces & Flails
 * Level 4.3 Armour
 + Level 0.7 Dodging
 * Level 4.3 Shields


You had 4 spell levels left.
You didn't know any spells.

Dungeon Overview and Level Annotations

Branches:
Dungeon (3/15)

Altars:


Message History

Your shield and scale mail prevent you from hitting the gnoll.
The gnoll barely misses you. You block the gnoll's attack.
The gnoll hits you from afar with a spear.
You closely miss the gnoll. The gnoll hits you.
The gnoll hits you but does no damage. You block the gnoll's attack.
You sock the gnoll!
The gnoll is almost dead.
You block the gnoll's attack. x2; The gnoll barely misses you.
Your shield prevents you from hitting the gnoll.
The gnoll is almost dead.
You block the gnoll's attack. The gnoll hits you but does no damage.
The gnoll hits you.
* * * LOW HITPOINT WARNING * * *
You thump the gnoll!
You kill the gnoll!
The gnoll closely misses you.
The gnoll hits you from afar with a spear.
* * * LOW HITPOINT WARNING * * *
The gnoll hits you with a spear!
You die...

#.# #...............# #.# ##.#
################# #.# ##.# #.#
##.# #.# ##.#############
###########.# ##.#...........#
#...........# ##.#...........#
#...........#
##.#...........###...........####
##.............g@..########......
####...........###.# #...... #
#...........# #.# #......
####...........# #.# ##.####
......†......### #.# #.####
############.# #.# #..... #.# #.#
###### #. .# #. ######


You could see a gnoll.

Vanquished Creatures
  A centaur skeleton (D:3)
  8 gnolls (D:3)
  3 adders
  An ooze (D:3)
  A worm (D:3)
  A dart slug (D:2)
  3 leopard geckos
  2 orcs (D:3)
  2 giant cockroaches
  2 goblins
  9 hobgoblins
  7 jackals
  5 kobolds
  A quokka (D:2)
  10 bats
  3 frilled lizards
  8 rats
67 creatures vanquished.

Vanquished Creatures (others)
  5 toadstools (D:1)
5 creatures vanquished.

Grand Total: 72 creatures vanquished

Notes
Turn   | Place    | Note
-------+----------+-------------------------------------------
     0 | D:1      | Hylith the Hill Orc Fighter began the quest for the Orb.
     0 | D:1      | Reached XP level 1. HP: 19/19 MP: 1/1
   330 | D:1      | Reached XP level 2. HP: 27/27 MP: 2/2
   671 | D:2      | Reached XP level 3. HP: 30/33 MP: 3/3
  1429 | D:3      | Reached XP level 4. HP: 34/40 MP: 4/4
  1706 | D:3      | Reached XP level 5. HP: 42/46 MP: 5/5
  2275 | D:3      | Reached skill level 1 in Maces & Flails
  2394 | D:3      | Slain by a gnoll

Skill      XL: |  1  2  3  4  5 |
---------------+----------------+-----
Fighting       | 4 |  4.4
Armour         | 4 |  4.3
Long Blades    | 3 |  3.6
Shields        | 4 |  4.3
Maces & Flails | 1 |  1.5
Dodging        | |  0.7

Action                   |  1- 3 |  4- 6 || total
-------------------------+-------+-------++-------
Melee: Long sword        |   127 |    48 ||   175
       Morningstar       |       |    57 ||    57
  Use: Scroll            |       |     1 ||     1
  Eat: Chunk             |     1 |     2 ||     3
       Ration            |       |     1 ||     1
Armor: Scale mail        |   103 |    50 ||   153
Dodge: Dodged            |    70 |    49 ||   119
Block: Shield            |    76 |    78 ||   154
       Rpst.: Long sword |    30 |     7 ||    37
